 Dungeon Crawl Stone Soup version 0.28-a0-465-ge2dae52223 (webtiles) character file.

Game seed: 3732407778134289183

1010 Gwenloh the Reanimator (level 8, -2/52 HPs)
             Began as a Mummy Necromancer on Sept 14, 2021.
             Slain by a wyvern zombie (3 damage)
             ... on level 5 of the Dungeon.
             The game lasted 00:22:55 (8190 turns).

Gwenloh the Reanimator (Mummy Necromancer)          Turns: 8190, Time: 00:22:55

Health: -2/52      AC:  4    Str: 11    XL:     8   Next: 1%
Magic:  18/18      EV: 12    Int: 16    God:
Gold:   204        SH:  0    Dex: 13    Spells: 6/20 levels left

rFire   x . .      SeeInvis +   p - +2 quarterstaff (chaos)
rCold   + . .      Faith    .   (shield currently unavailable)
rNeg    + + +      Spirit   .   a - +0 robe
rPois   ∞          Reflect  .   (no helmet)
rElec   .          Harm     .   q - +0 cloak
rCorr   .          Rampage  .   (no gloves)
Will    ++...                   h - +0 pair of boots
Stlth   ++........              (no amulet)
HPRegen 0.17/turn               (no ring)
MPRegen 0.16/turn               b - ring of Ecsomp {Will+ SInv}

@: no status effects
A: cold resistance 1, negative energy resistance 3, torment resistance 2, heat
vulnerability 1, no potions
a: no special abilities


You were on level 5 of the Dungeon.
You visited 1 branch of the dungeon, and saw 5 of its levels.
You also visited: Sewer.

You collected 204 gold pieces.

Inventory:

Hand Weapons
 o - a +1 dagger of flaming
 p - a +2 quarterstaff of chaos (weapon)
Missiles
 f - 186 stones
 j - 23 poisoned darts (quivered)
 k - 5 boomerangs
 n - 2 throwing nets
 r - a curare-tipped dart
Armour
 a - a +0 robe (worn)
 h - a +0 pair of boots (worn)
 q - a +0 cloak (worn)
Jewellery
 b - the ring of Ecsomp (right hand) {Will+ SInv}
   (You acquired it on level 4 of the Dungeon)

   [ring of willpower]

   SInv:      It lets you see invisible.
   Will:      It increases your willpower.
Scrolls
 c - a scroll of teleportation {unknown}
 d - a scroll of enchant armour {unknown}
 g - 2 scrolls of amnesia
 i - 2 scrolls of identify
 l - a scroll of blinking
 m - a scroll of magic mapping {unknown}


   Skills:
 - Level 1.5 Dodging
 - Level 1.5 Stealth
 + Level 6.9 Spellcasting
 * Level 8.6 Necromancy


You had 6 spell levels left.
You knew the following spells:

 Your Spells              Type           Power      Damage    Failure   Level
a - Pain                  Necr           100%       1d9       1%          1
b - Vampiric Draining     Necr           16%        2d8       1%          3
c - Agony                 Necr           33%        N/A       10%         5
d - Animate Dead          Necr           16%        N/A       3%          4
e - Animate Skeleton      Necr           66%        N/A       1%          1

Your spell library contained the following spells:

 Spells                   Type           Power      Damage    Failure   Level
 Sandblast                Erth           10%        2d5       13%         1
 Passwall                 Tmut/Erth      4%         N/A       19%         2
 Stone Arrow              Conj/Erth      10%        3d7       36%         3
 Passage of Golubria      Tloc           N/A        N/A       77%         4
 Silence                  Hex/Air        2%         N/A       98%         5
 Lehudib's Crystal Spear  Conj/Erth      2%         10d2      100%        8


Dungeon Overview and Level Annotations

Branches:
Dungeon (5/15)              Sewer (visited)
 Temple: D:4-7

Altars:
Hepliaklqana
Qazlal
Ru

Shops:
D:1 *


Innate Abilities, Weirdness & Mutations

You are immune to poison.
Your flesh is cold resistant. (rC+)
You are immune to negative energy. (rN+++)
You are immune to unholy pain and torment.
You are vulnerable to heat. (rF-)
You do not drink.


Message History

Aiming: Vampiric Draining (safe; 1% risk of failure)
Press: ? - help, Shift-Dir - straight line, f/p - orc wizard
Aim: an orc wizard, wielding a +0 dagger and wearing a +0 robe (almost dead, slightly transparent)
You draw life force from the orc wizard!
You kill the orc wizard!
You have reached level 8!
c - a scroll labelled NEPNOO CEMAZ
Things that are here:
a +0 dagger; a +0 robe Magic restored.
j - 23 poisoned darts (gained 1)
A wyvern zombie is nearby!
You hit the wyvern zombie.
The wyvern zombie is lightly damaged.
The wyvern zombie closely misses you. The wyvern zombie bites you.
You hit the wyvern zombie.
The wyvern zombie convulses.
The wyvern zombie is lightly damaged.
The wyvern zombie misses you. The wyvern zombie bites you.
You hit the wyvern zombie but do no damage.
The wyvern zombie is lightly damaged.
The wyvern zombie bites you! The wyvern zombie barely misses you.
You hit the wyvern zombie.
The wyvern zombie is moderately damaged.
The wyvern zombie bites you!
You thump the wyvern zombie!
The wyvern zombie convulses.
The wyvern zombie is heavily damaged.
The wyvern zombie bites you but does no damage. x2
You hit the wyvern zombie.
The wyvern zombie resists with some effort.
The wyvern zombie is heavily damaged.
The wyvern zombie bites you. The wyvern zombie bites you!
* * * LOW HITPOINT WARNING * * *
You barely miss the wyvern zombie.
The wyvern zombie is heavily damaged.
The wyvern zombie bites you!
* * * LOW HITPOINT WARNING * * *
The wyvern zombie bites you.
* * * LOW HITPOINT WARNING * * *
The wyvern zombie bites you.
You die...

.####.#.#.####.####.#.#.####.#
......#.#...........#.#......#
#######.#############.######.#
.............................#
...#####.#######.###..###..####.#
#### #.# #....................#
#.# #.###.##.####.######## #.#
#.# #Z##.# #.# #.# #.# #@##.# #.#
#.# #.###^##.# #.# #.###.##..##.#
#.# #..).[.......# ##.##
#####.##.##..###...####
############.##..............#
#.............#.#####.#...##.#
#.##########..#.# #.##.###.####
#.##########....# #....###.....


You could see a wyvern zombie.

Vanquished Creatures
  Eustachio (D:3)
  Purgy (Sewer)
  An ogre (D:5)
  Blork the orc (D:4)
  A kobold brigand (D:5)
  2 scorpions (D:5)
  A bullfrog zombie (D:5)
  A jelly (D:4)
  2 hounds
  Crazy Yiuf (D:4)
  2 iguanas (D:5)
  2 orc wizards
  5 gnolls
  3 adders
  A howler monkey skeleton (D:5)
  A white imp (D:5)
  An ufetubus (D:5)
  3 worms
  2 dart slugs
  13 orcs
  5 ball pythons
  6 endoplasms
  5 giant cockroaches
  6 goblins
  3 hobgoblins
  4 jackals
  6 bats
  2 frilled lizards
  13 kobolds
  3 rats
98 creatures vanquished.

Vanquished Creatures (collateral kills)
  An orc (D:3)
  A ball python (D:3)
2 creatures vanquished.

Vanquished Creatures (others)
  A fungus (D:4)
1 creature vanquished.

Grand Total: 101 creatures vanquished

Notes
Turn   | Place    | Note
-------+----------+-------------------------------------------
     0 | D:1      | Gwenloh the Mummy Necromancer began the quest for the Orb.
     0 | D:1      | Reached XP level 1. HP: 13/13 MP: 4/4
   212 | D:1      | Found Entan's Assorted Antiques.
   742 | D:1      | Reached XP level 2. HP: 19/19 MP: 4/6
   778 | D:1      | Learned a level 1 spell: Animate Skeleton
  1760 | D:2      | Reached XP level 3. HP: 24/24 MP: 2/7
  1764 | D:2      | Learned a level 3 spell: Vampiric Draining
  2483 | D:2      | Noticed a phantom
  2654 | D:3      | Reached skill level 5 in Necromancy
  2924 | D:3      | Reached XP level 4. HP: 30/30 MP: 1/9
  2931 | D:2      | Learned a level 4 spell: Animate Dead
  3816 | D:3      | Found a faded altar of an unknown god.
  3948 | D:3      | Found a sacrificial altar of Ru.
  3948 | D:3      | Found a hazy altar of Hepliaklqana.
  4194 | D:4      | Reached XP level 5. HP: 16/35 MP: 2/11
  4763 | D:4      | Reached skill level 6 in Necromancy
  4838 | D:4      | Noticed Blork the orc
  4850 | D:4      | Killed Blork the orc
  4851 | D:4      | Reached XP level 6. HP: 7/41 MP: 0/13
  5148 | D:4      | Found a stormy altar of Qazlal.
  5262 | D:4      | Noticed Eustachio
  5510 | D:4      | Found a runed translucent door.
  5511 | D:4      | Noticed Crazy Yiuf
  5772 | D:3      | Killed Eustachio
  5773 | D:3      | Reached skill level 5 in Spellcasting
  6009 | D:4      | Learned a level 5 spell: Agony
  6381 | D:4      | Killed Crazy Yiuf
  6382 | D:4      | Reached skill level 7 in Necromancy
  6569 | D:5      | Entered Level 5 of the Dungeon
  6792 | D:4      | Identified a scroll of acquirement
  6795 | D:4      | Acquired the ring of Ecsomp {Will+ SInv}
  6830 | D:5      | Reached XP level 7. HP: 31/46 MP: 2/15
  7254 | D:5      | Found a glowing drain.
  7272 | Sewer    | Entered a sewer
  7411 | Sewer    | Noticed Purgy
  7418 | Sewer    | Killed Purgy
  7419 | Sewer    | Reached skill level 8 in Necromancy
  8130 | D:5      | Reached XP level 8. HP: 52/52 MP: 14/18
  8185 | D:5      | HP: 2/52 [wyvern zombie (13)]
  8190 | D:5      | Slain by a wyvern zombie

Illustrated notes

Levels and vault maps discovered:
D:1:      dpeg_cavernosity, layout_basic, serial_shops, shop
D:2:      layout_loops_ring
D:3:      layout_basic, gammafunk_temple_overflow_pools,
          shapermc_ecumenical_altar_totnotflames
D:4:      layout_basic, nicolae_qazlal_general_emergency, serial_rivers,
          chequers_serial_rivers_room_b, chequers_serial_rivers_room_b,
          chequers_serial_rivers_micro_e, chequers_serial_rivers_micro_a,
          chequers_serial_rivers_room_a, chequers_serial_rivers_micro_d,
          uniq_crazy_yiuf_cottage, uniq_blork_the_orc, uniq_eustachio
D:5:      layout_loops_ring, cheibrodos_sewer_entry_sluice, roderic_lattice_a

Skill      XL: |  1  2  3  4  5  6  7 |
---------------+----------------------+-----
Spellcasting   | 3 4 5 6 |  6.9
Necromancy     | 5 6 7 8 |  8.6
Dodging        | |  1.5
Stealth        | |  1.5

Action                   |  1- 3 |  4- 6 |  7- 9 || total
-------------------------+-------+-------+-------++-------
Melee: Dagger            |    16 |    14 |       ||    30
       Quarterstaff      |       |       |    67 ||    67
Throw: Dart              |     1 |    22 |    18 ||    41
 Cast: Pain              |    89 |    68 |    21 ||   178
       Animate Skeleton  |     1 |     2 |       ||     3
       Vampiric Draining |       |    17 |     9 ||    26
       Animate Dead      |       |     1 |       ||     1
       Agony             |       |     1 |     1 ||     2
  Use: Scroll            |       |     5 |       ||     5
 Stab: Sleeping          |       |       |     1 ||     1
Armor: Robe              |     5 |    12 |    16 ||    33
Dodge: Dodged            |    25 |    30 |    53 ||   108

Table legend: (Time is in decaauts)
 A = Elapsed time spent in this place.
 B = Non-inter-level travel time spent in this place.
 C = Inter-level travel time spent in this place.
 D = Time resting spent in this place.
 E = Time spent auto-exploring this place.
 F = Levels seen in this place.
 G = Mean time per level.
                   A        B        C        D        E       F      G
               +--------+--------+--------+--------+--------+-----+--------+
         Total |   8234 |   7996 |    238 |   1210 |   5314 |   6 | 1372.3 |
       Dungeon |   7923 |   7685 |    238 |   1144 |   5157 |   5 | 1584.6 |
         Sewer |    310 |    310 |      0 |     66 |    157 |   1 |  310.0 |
               +--------+--------+--------+--------+--------+-----+--------+

Top non-repeatable levels by time:
     D:4: 2057 daAuts
     D:1: 1714 daAuts
     D:3: 1696 daAuts
     D:5: 1335 daAuts
     D:2: 1118 daAuts
   Sewer: 310 daAuts
